 Dungeon Crawl Stone Soup version 0.29.0-4-gdea44cf6ec (webtiles) character file.

Game seed: 9043924679095631745

577 qw the Ruffian (level 7, -5/57 HPs)
             Began as a Ghoul Fire Elementalist on Aug 29, 2022.
             Slain by a wight
             ... wielding a +2 halberd
              (11 damage)
             ... on level 4 of the Dungeon.
             The game lasted 00:04:16 (5410 turns).

qw the Ruffian (Ghoul Fire Elementalist)            Turns: 5410, Time: 00:04:16

Health: -5/57      AC:  7    Str: 14    XL:     7   Next: 35%
Magic:  8/8        EV:  9    Int: 10    God:
Gold:   177        SH:  0    Dex:  9    Spells: 8/9 levels left

rFire   . . .      SeeInvis .     - Unarmed
rCold   + . .      Faith    .   (no shield)
rNeg    + + +      Spirit   .   b - +0 scale mail
rPois   inf        Reflect  .   (no helmet)
rElec   .          Harm     .   (no cloak)
rCorr   .          Rampage  .   (no gloves)
Will    +....                   c - +0 pair of boots
Stlth   ..........              (no amulet)
HPRegen 0.00/turn               i - ring of willpower
MPRegen 0.11/turn               (no ring)

@: about to teleport, inhibited regen
A: claws 1, cold resistance 1, negative energy resistance 3, inhibited
regeneration, torment resistance 2, devour on kill
a: no special abilities


You were on level 4 of the Dungeon.
You visited 1 branch of the dungeon, and saw 4 of its levels.

You collected 201 gold pieces.
You spent 24 gold pieces at shops.


Innate Abilities, Weirdness & Mutations

You are immune to poison.
You have sharp fingernails.
Your flesh is cold resistant. (rC+)
You are immune to negative energy. (rN+++)
You do not regenerate when monsters are visible.
You are immune to unholy pain and torment.
You thrive by killing the living.


   Skills:
 - Level 3.2 Fighting
 - Level 1.3 Throwing
 - Level 1.2 Armour
 - Level 1.7 Dodging
 - Level 2.1 Stealth
 + Level 6.9 Unarmed Combat
 - Level 1.7 Spellcasting
 - Level 0.7 Conjurations
 - Level 2.4 Fire Magic


You had 8 spell levels left.
You knew the following spells:

 Your Spells              Type           Power      Damage    Failure   Level
a - Foxfire               Conj/Fire      16%        2x1d4     58%         1

Your spell library contained the following spells:

 Spells                   Type           Power      Damage    Failure   Level
 Scorch                   Fire           10%        2d6       61%         2
 Conjure Flame            Conj/Fire      4%         6-21      91%         3
 Inner Flame              Hex/Fire       3%         N/A       95%         3
 Flame Wave               Conj/Fire      4%         2d5       100%        4

Inventory:

Missiles
 k - 5 javelins (quivered)
Armour
 b - a +0 scale mail (worn)
 c - a +0 pair of boots (worn)
Jewellery
 e - a ring of fire
 i - a ring of willpower (left claw)
Scrolls
 j - 2 scrolls of identify
Potions
 a - a potion of haste {unknown}
 d - 6 potions of curing
 f - a potion of mutation {unknown}

Dungeon Overview and Level Annotations

Branches:
Dungeon (4/15)
 Temple: D:4-7

Altars:

Shops:
D:3 ?

Annotations:
D:4 2 transporters, qw's ghost, amateur TeWr


Message History

You claw the hound zombie! You claw the hound zombie.
The hound zombie is severely damaged.
The hound zombie bites you but does no damage.
You closely miss the hound zombie.
The hound zombie is severely damaged.
The hound zombie barely misses you.
You claw the hound zombie!
You destroy the hound zombie!
You open the door.
A wight comes into view. It is wielding a +2 halberd.
The wight closely misses you. The wight hits you with a +2 halberd!
There is an open door here.
You scratch the wight but do no damage. The wight barely misses you.
You scratch the wight.
The wight is lightly damaged.
The wight closely misses you.
You closely miss the wight.
The wight is lightly damaged.
The wight hits you with a +2 halberd!
You scratch the wight but do no damage.
The wight is lightly damaged.
You scratch the wight.
The wight is moderately damaged.
The wight hits you with a +2 halberd!
You scratch the wight.
The wight is heavily damaged.
The wight barely misses you.
You closely miss the wight.
The wight is heavily damaged.
The wight hits you with a +2 halberd!
5409 ||| READING scroll of teleportation.
As you read the scroll of teleportation, it crumbles to dust.
You feel strangely unstable. The wight hits you with a +2 halberd.
You barely miss the wight.
The wight is heavily damaged.
The wight hits you with a +2 halberd!
You die...

........##..............# #.# #.
........##..##....##.#..# #.# #.
.........##.###......#..###.####.
........###.# #.#8#..#..#........
.#....!.#...# #)######..#O#.####.
###.........###.###.....#...# #.
.^#.........#.'.).#.....'########
............###.####.%#####..##..
##..........# +.@z#....####.###..
#...<.......# #.###..#.#..#......
............# +.+ ####.......#...
.......[....# #.# ##....####...
............# +.+ ##....## ##...
......#####.# #.# ##....## #....
.......## ### +.+ #.....# ##...
........### #. #.....######...
........#.### #......#.##..!.


You could see a wight.

Vanquished Creatures
  2 ogres (D:4)
  A wight (D:4)
  An orc priest (D:3)
  2 hounds (D:4)
  An iguana (D:4)
  2 orc wizards (D:4)
  A hound zombie (D:4)
  6 adders
  2 ufetubi (D:4)
  3 worms (D:2)
  4 dart slugs
  6 orcs
  4 bats
  4 endoplasms (D:1)
  7 giant cockroaches
  10 goblins
  7 hobgoblins
  11 jackals
  6 quokkas
  6 ball pythons
  4 frilled lizards
  6 kobolds
  6 rats
102 creatures vanquished.

Notes
Turn   | Place    | Note
-------+----------+-------------------------------------------
     0 | D:1      | qw the Ghoul Fire Elementalist began the quest for the Orb.
     0 | D:1      | Reached XP level 1. HP: 14/14 MP: 2/2
     0 | D:1      | 0 ||| qw: Version: 0.1-a-90-g952f4b7
     0 | D:1      | 0 ||| qw: Game counter: 3695
     0 | D:1      | 0 ||| qw: Always use a shield: true
     0 | D:1      | 0 ||| qw: God list: Okawaru
     0 | D:1      | 0 ||| qw: Allow faded altars: false
     0 | D:1      | 0 ||| qw: Do Orc after D:15 true
     0 | D:1      | 0 ||| qw: Do second Lair branch before Depths: true
     0 | D:1      | 0 ||| qw: Lair rune preference: random
     0 | D:1      | 0 ||| qw: Plans: Normal
     0 | D:1      | 0 ||| PLANNING D:1-11
   232 | D:1      | Reached skill level 1 in Unarmed Combat
   454 | D:1      | Reached skill level 1 in Fighting
   454 | D:1      | Reached XP level 2. HP: 22/23 MP: 3/3
   787 | D:1      | 787 ||| Stepping ~*~*~tactically~*~*~ (hiding).
   889 | D:1      | 889 ||| Stepping ~*~*~tactically~*~*~ (hiding).
   991 | D:1      | 991 ||| Stepping ~*~*~tactically~*~*~ (hiding).
  1093 | D:1      | 1093 ||| Stepping ~*~*~tactically~*~*~ (hiding).
  1547 | D:1      | Reached skill level 2 in Unarmed Combat
  1806 | D:1      | Reached XP level 3. HP: 28/28 MP: 4/4
  2026 | D:1      | 2026 ||| UPGRADING to +0 leather armour.
  2036 | D:1      | 2036 ||| DROPPING +0 robe.
  2037 | D:1      | 2037 ||| UPGRADING to +0 ring mail.
  2047 | D:1      | 2047 ||| DROPPING +0 leather armour.
  2048 | D:1      | 2048 ||| UPGRADING to ring of willpower.
  2049 | D:1      | 2049 ||| READING 3 scrolls labelled BEXTAD DUCRE.
  2050 | D:1      | 2050 ||| READING scroll labelled DOBBOTET JUHU.
  2051 | D:1      | 2051 ||| READING 2 scrolls of identify.
  2051 | D:1      | 2051 ||| IDENTIFYING golden potion
  2052 | D:1      | 2052 ||| DROPPING potion of magic.
  2125 | D:2      | 2125 ||| Stepping ~*~*~tactically~*~*~ (stealth).
  2126 | D:2      | 2126 ||| Stepping ~*~*~tactically~*~*~ (outnumbered).
  2128 | D:2      | 2128 ||| Stepping ~*~*~tactically~*~*~ (outnumbered).
  2129 | D:2      | 2129 ||| Stepping ~*~*~tactically~*~*~ (outnumbered).
  2130 | D:2      | 2130 ||| Stepping ~*~*~tactically~*~*~ (outnumbered).
  2131 | D:2      | 2131 ||| Stepping ~*~*~tactically~*~*~ (outnumbered).
  2132 | D:2      | 2132 ||| Stepping ~*~*~tactically~*~*~ (outnumbered).
  2133 | D:2      | 2133 ||| Stepping ~*~*~tactically~*~*~ (outnumbered).
  2137 | D:2      | 2137 ||| Stepping ~*~*~tactically~*~*~ (outnumbered).
  2138 | D:2      | 2138 ||| Stepping ~*~*~tactically~*~*~ (outnumbered).
  2140 | D:2      | 2140 ||| Stepping ~*~*~tactically~*~*~ (outnumbered).
  2142 | D:2      | Reached skill level 3 in Unarmed Combat
  2154 | D:2      | HP: 4/28 [worm (9)]
  2383 | D:2      | 2383 ||| Stepping ~*~*~tactically~*~*~ (stealth).
  2454 | D:2      | 2454 ||| Stepping ~*~*~tactically~*~*~ (stealth).
  2463 | D:2      | Reached XP level 4. HP: 30/35 MP: 5/5
  2610 | D:2      | 2610 ||| Stepping ~*~*~tactically~*~*~ (stealth).
  2613 | D:2      | 2613 ||| Stepping ~*~*~tactically~*~*~ (stealth).
  2615 | D:2      | 2615 ||| Stepping ~*~*~tactically~*~*~ (outnumbered).
  2633 | D:2      | 2633 ||| Stepping ~*~*~tactically~*~*~ (stealth).
  2638 | D:2      | 2638 ||| Stepping ~*~*~tactically~*~*~ (stealth).
  2652 | D:2      | Reached skill level 4 in Unarmed Combat
  2681 | D:2      | 2681 ||| Stepping ~*~*~tactically~*~*~ (stealth).
  2683 | D:2      | 2683 ||| Stepping ~*~*~tactically~*~*~ (stealth).
  2685 | D:2      | 2685 ||| Stepping ~*~*~tactically~*~*~ (stealth).
  3041 | D:2      | 3041 ||| UPGRADING to +0 pair of boots.
  3046 | D:2      | 3046 ||| READING scroll labelled MENNACHY CIUDD.
  3047 | D:2      | 3047 ||| DRINKING 2 grey potions.
  3048 | D:2      | 3048 ||| DROPPING potion of flight.
  3090 | D:3      | 3090 ||| Stepping ~*~*~tactically~*~*~ (outnumbered).
  3101 | D:3      | HP: 8/36 [orc/+0 mace (3)]
  3107 | D:3      | Reached XP level 5. HP: 18/41 MP: 6/6
  3279 | D:3      | 3279 ||| Stepping ~*~*~tactically~*~*~ (stealth).
  3397 | D:3      | 3397 ||| Stepping ~*~*~tactically~*~*~ (hiding).
  3398 | D:3      | 3398 ||| Stepping ~*~*~tactically~*~*~ (hiding).
  3567 | D:3      | 3567 ||| Stepping ~*~*~tactically~*~*~ (stealth).
  3573 | D:3      | 3573 ||| Stepping ~*~*~tactically~*~*~ (outnumbered).
  3729 | D:3      | Found Lefice's Magic Scroll Shop.
  3737 | D:3      | 3737 ||| SHOPLISTING scroll of acquirement (624 gold, have
                  | 147).
  3737 | D:3      | 3737 ||| BUYING scroll of identify (24 gold).
  3737 | D:3      | Bought a scroll of identify for 24 gold pieces
  3840 | D:3      | 3840 ||| UPGRADING to +0 scale mail.
  3850 | D:3      | 3850 ||| DROPPING +0 ring mail.
  3851 | D:3      | 3851 ||| READING scroll labelled UCHANI HESYESCH.
  3852 | D:3      | 3852 ||| READING scroll labelled JUQETS VAMP.
  3857 | D:3      | 3857 ||| READING scroll labelled IWONEU REUV.
  3858 | D:3      | 3858 ||| DRINKING 2 metallic inky potions.
  3859 | D:3      | 3859 ||| READING 4 scrolls of identify.
  3859 | D:3      | 3859 ||| IDENTIFYING lumpy coppery potion
  3860 | D:3      | 3860 ||| READING 3 scrolls of identify.
  3860 | D:3      | 3860 ||| IDENTIFYING murky dark potion
  3861 | D:3      | 3861 ||| DROPPING potion of brilliance.
  3862 | D:3      | 3862 ||| DROPPING potion of lignification.
  3879 | D:4      | 3879 ||| PLANNING SEWER
  3904 | D:4      | Reached skill level 5 in Unarmed Combat
  3936 | D:4      | Noticed qw's ghost (amateur TeWr)
  3936 | D:4      | Noticed an ogre
  3937 | D:4      | Found a transporter.
  3937 | D:4      | Noticed an ogre
  3962 | D:4      | Reached skill level 1 in Armour
  4038 | D:4      | Reached XP level 6. HP: 48/48 MP: 7/7
  4257 | D:4      | Found a transporter.
  4419 | D:4      | 4419 ||| Stepping ~*~*~tactically~*~*~ (stealth).
  4420 | D:4      | 4420 ||| Stepping ~*~*~tactically~*~*~ (stealth).
  4430 | D:4      | Reached skill level 6 in Unarmed Combat
  4430 | D:4      | 4430 ||| FLEEEEING.
  4431 | D:4      | 4431 ||| FLEEEEING.
  4432 | D:4      | 4432 ||| FLEEEEING.
  4433 | D:4      | 4433 ||| FLEEEEING.
  4434 | D:4      | 4434 ||| FLEEEEING.
  4435 | D:4      | 4435 ||| FLEEEEING.
  4436 | D:4      | 4436 ||| FLEEEEING.
  4437 | D:4      | 4437 ||| FLEEEEING.
  4438 | D:4      | 4438 ||| FLEEEEING.
  4439 | D:4      | 4439 ||| FLEEEEING.
  4441 | D:4      | 4441 ||| FLEEEEING.
  4442 | D:4      | 4442 ||| FLEEEEING.
  4443 | D:4      | 4443 ||| FLEEEEING.
  4444 | D:4      | 4444 ||| FLEEEEING.
  4445 | D:4      | 4445 ||| FLEEEEING.
  4446 | D:4      | 4446 ||| FLEEEEING.
  4447 | D:4      | 4447 ||| FLEEEEING.
  4448 | D:4      | 4448 ||| FLEEEEING.
  4449 | D:4      | 4449 ||| FLEEEEING.
  4450 | D:4      | 4450 ||| FLEEEEING.
  4451 | D:4      | 4451 ||| FLEEEEING.
  4452 | D:4      | 4452 ||| FLEEEEING.
  4454 | D:4      | 4454 ||| FLEEEEING.
  4455 | D:4      | 4455 ||| FLEEEEING.
  4456 | D:4      | 4456 ||| FLEEEEING.
  4457 | D:4      | 4457 ||| FLEEEEING.
  4459 | D:4      | 4459 ||| FLEEEEING.
  4460 | D:4      | 4460 ||| FLEEEEING.
  4461 | D:4      | 4461 ||| STAIRDANCE
  4667 | D:3      | 4667 ||| READING scroll labelled AWAJACHUSTE.
  4668 | D:3      | 4668 ||| READING 2 scrolls of identify.
  4668 | D:3      | 4668 ||| IDENTIFYING glowing orange potion
  4669 | D:3      | 4669 ||| DROPPING potion of attraction.
  4671 | D:4      | 4671 ||| RIP SEWER
  4672 | D:4      | 4672 ||| PLANNING D:1-11
  4680 | D:4      | Reached skill level 3 in Fighting
  4680 | D:4      | Reached XP level 7. HP: 21/57 MP: 8/8
  4680 | D:4      | 4680 ||| STAIRDANCE
  5082 | D:4      | 5082 ||| Stepping ~*~*~tactically~*~*~ (stealth).
  5169 | D:4      | HP: 9/57 [wight/+5 war axe (6)]
  5170 | D:4      | 5170 ||| READING 2 scrolls of teleportation.
  5171 | D:4      | 5171 ||| DRINKING potion of heal wounds.
  5174 | D:4      | Reached skill level 1 in Throwing
  5408 | D:4      | HP: 12/57 [wight/+2 halberd (14)]
  5409 | D:4      | 5409 ||| READING scroll of teleportation.
  5410 | D:4      | Slain by a wight

Levels and vault maps discovered:
D:1:      doesnt_arrival_eight_statues, layout_loops_corners
D:2:      minmay_diamond_boxcup, layout_basic
D:3:      layout_loops_ring, serial_shops, shop
D:4:      layout_cave_pools, lemuel_mausoleum_altar_kikubaaqudgha,
          gammafunk_ghost_smash, portal_sewer_entry_c, roderic_st_hans_cross

Skill      XL: |  1  2  3  4  5  6  7 |
---------------+----------------------+-----
Unarmed Combat | 1 2 3 4 5 6 |  6.9
Fighting       | 1 2 3 |  3.2
Armour         | 1 |  1.2
Throwing       | 1 |  1.3
Dodging        | |  1.7
Stealth        | |  2.1
Spellcasting   | |  1.7
Conjurations   | |  0.7
Fire Magic     | |  2.4

Action                   |  1- 3 |  4- 6 |  7- 9 || total
-------------------------+-------+-------+-------++-------
Melee: Unarmed           |   149 |   232 |    60 ||   441
       Punch             |     2 |     5 |     3 ||    10
  Use: Scroll            |     3 |     8 |     2 ||    13
       Potion            |       |     2 |     1 ||     3
Armor: Robe              |    18 |       |       ||    18
       Ring mail         |    17 |    40 |       ||    57
       Scale mail        |       |    28 |    15 ||    43
Dodge: Dodged            |    62 |   105 |    21 ||   188

Table legend:
 A = Non-vault XP
 B = Vault XP
 C = Vault XP percentage of total XP
 D = Non-vault monster count
 E = Vault monster count
 F = Vault count percentage of total count
                 A         B        C        D         E       F
            +---------+---------+-------+---------+---------+-------
      Total |     688 |     137 |  16.6 |      90 |      12 |  11.8
            +---------+---------+-------+---------+---------+-------
        D:1 |      40 |       0 |   0.0 |      23 |       0 |   0.0
        D:2 |      68 |      35 |  34.0 |      21 |      10 |  32.3
        D:3 |      84 |       0 |   0.0 |      23 |       0 |   0.0
        D:4 |     496 |     102 |  17.1 |      23 |       2 |   8.0
            +---------+---------+-------+---------+---------+-------
